AoeStats
← limu1168

Arena

509600348Analyzed
1v1 RM · 4d ago on Sep 27, 2026· 41m 28s· 2 players
Game mode
Random Map
Map size
Tiny (2 player)
Population
200
Speed
Normal
Resources
Standard
Victory
Conquest
Starting age
Dark Age
Ending age
Imperial Age
RankedLock teamsTeams togetherTeam positionsShared explorationLock speedFull tech treeHidden civsTurbo modeCheats
Victory
Defeat
🇨🇳 Vietnamese · China
267
+11
🇫🇷 Tatars · France
163
-11
Spocky
0:46 Loom
12:26 Feudal Age
12:59 Double-Bit Axe
13:59 Town Watch
16:26 Wheelbarrow
15:53 Arson
18:10 Scale Mail Armor
18:23 Forging
18:02 Horse Collar
25:00 Castle Age
23:10 Gold Mining
24:30 Fletching
24:41 Padded Archer Armor
25:08 Stone Mining
26:23 Squires
27:08 Gold Shaft Mining
27:37 Bow Saw
27:07 Crossbowman
28:32 Hand Cart
29:13 Heavy Plow
29:15 Pikeman
33:52 Town Patrol
39:15 Imperial Age
36:59 Bodkin Arrow
39:54 Capped Ram
limu1168
12:03 Feudal Age
18:45 Castle Age
31:21 Imperial Age
29:27 Wheelbarrow
29:57 Elite Skirmisher
34:23 Chemistry
35:18 Imperial Skirmisher
36:07 Scale Mail Armor
36:08 Padded Archer Armor
36:19 Forging
36:00 Fletching
Connection lost

Rejoining the realm…

Still unreachable

The connection could not be restored.

Session expired

The server has moved on; the page needs a fresh start.